 Dungeon Crawl Stone Soup version 0.22-a0-32-ga749362bc3 (webtiles) character file.

7389 Manul the Skirmisher (level 10, -9/79 HPs)
             Began as a Mummy Gladiator on Jan 3, 2018.
             Was an Initiate of Gozag.
             Mangled by an unseen horror (10 damage)
             ... on level 9 of the Dungeon.
             The game lasted 00:12:34 (11841 turns).

Manul the Skirmisher (Mummy Gladiator)             Turns: 11841, Time: 00:12:35

Health: -9/79      AC: 12    Str: 17    XL:     10   Next: 92%
Magic:  12/12      EV: 20    Int: 10    God:    Gozag
Gold:   361        SH:  0    Dex: 22    Spells: 9/9 levels left

rFire    x . .     SeeInvis .   r - +2 hand axe (elec)
rCold    + . .     Gourm    .   (no shield)
rNeg     + + +     Faith    .   e - +0 ring mail
rPois    ∞         Spirit   .   c - +0 helmet
rElec    .         Reflect  .   p - +1 cloak {+Inv}
rCorr    .         Harm     .   (no gloves)
MR       +....                  g - +1 pair of boots
Stlth    ++........             (no amulet)
HPRegen  0.23/turn              s - +2 ring of intelligence
MPRegen  0.13/turn              (no ring)

@: agile, gold aura, hasted, very quick
A: no food or potions, fire vulnerability, cold resistance 1, negative energy
resistance 3, torment resistance, unbreathing
a: Potion Petition, Call Merchant, Bribe Branch, Renounce Religion, Evoke
Invisibility


You were on level 9 of the Dungeon.
You worshipped Gozag.
Gozag was aware of your devotion.
You were not hungry.

You visited 2 branches of the dungeon, and saw 11 of its levels.

You collected 953 gold pieces.
You paid 592 gold pieces to Gozag.

Inventory:

Hand Weapons
 a - a +1 flail
 d - the +3 flail of Success {flame, +Blink +Inv SInv Stlth-}
   (You found it on level 8 of the Dungeon)

   It has been specially enchanted to burn those struck by it, causing extra
   injury to most foes and up to half again as much damage against particularly
   susceptible opponents.
   It lets you see invisible.
   It lets you turn invisible.
   It lets you blink.
   It makes you less stealthy.
 m - a +0 flail of protection
 o - a +0 whip of freezing
 r - a +2 hand axe of electrocution (weapon)
Missiles
 h - a throwing net (quivered)
Armour
 b - a +0 leather armour
 c - a +0 helmet (worn)
 e - a +0 ring mail (worn)
 g - a +1 pair of boots (worn)
 l - a +0 cloak
 p - a +1 cloak of invisibility (worn)
Jewellery
 s - a +2 ring of intelligence (left hand)
Wands
 u - a wand of digging (13)
Scrolls
 f - 2 scrolls of enchant weapon
 i - 4 scrolls of magic mapping
 j - 2 scrolls of teleportation
 k - 5 scrolls of identify
 n - a scroll of enchant armour {unknown}
 q - a scroll of fear
 t - a scroll of fog
 w - a scroll of remove curse
 x - a scroll of holy word {unknown}
Books
 v - a book of Clouds

   Spells                             Type                      Level
   a - Poisonous Vapours              Poison/Air                   2
   b - Mephitic Cloud                 Conjuration/Poison/Air       3
   c - Conjure Flame                  Conjuration/Fire             3
   d - Freezing Cloud                 Conjuration/Ice/Air          6
   e - Ring of Flames                 Charms/Fire                  7


   Skills:
 + Level 7.3 Fighting
 - Level 5.6(7.2) Axes
 + Level 7.0(7.9) Maces & Flails
 + Level 1.8 Throwing
 + Level 6.6 Armour
 + Level 5.7 Dodging
 - Level 0.3 Stealth
 * Level 3.5 Evocations


You had 9 spell levels left.
You didn't know any spells.

Dungeon Overview and Level Annotations

Branches:
Dungeon (10/15)            Temple (1/1) D:4            Lair (0/6) D:10
    Orc: D:9-12

Altars:
Ashenzari
Cheibriados
Dithmenos
Elyvilon
Fedhas
Gozag
Hepliaklqana
Kikubaaqudgha
Makhleb
Nemelex Xobeh
Okawaru
Qazlal
Ru
Sif Muna
Trog
Uskayaw
Vehumet
Wu Jian
Xom
Yredelemnul
Zin
The Shining One

Shops:
D:8 =*

Annotations:
D:9 exclusion: obsidian statue
D:10 Gastronok


Innate Abilities, Weirdness & Mutations

You do not eat or drink.
Your flesh is vulnerable to fire.
You are immune to poison.
Your flesh is cold resistant. (rC+)
You are immune to negative energy. (rN+++)
You are immune to unholy pain and torment.
You can survive without breathing.


Message History

* * * LOW HITPOINT WARNING * * *
You slash something! Something hits you but does no damage. Something hits you.
* * * LOW HITPOINT WARNING * * *
Something hits you.
* * * LOW HITPOINT WARNING * * *
Something hits you but does no damage.
You miss something. Something barely misses you. Something hits you.
* * * LOW HITPOINT WARNING * * *
You closely miss something. Something hits you.
* * * LOW HITPOINT WARNING * * *
You miss something. Something hits you.
* * * LOW HITPOINT WARNING * * *
You hit something. Something hits you.
* * * LOW HITPOINT WARNING * * *
Something closely misses you.
You hit something but do no damage. Something hits you!
You die...
Your body crumbles into a pile of gold.

#.##.# #####.#
#.##.# #.# #.##.#
###.####
#.##.######.......
#.##........#.....
#.###############.
#.# #. #.#
###########.
#@#####...........
#.....>.##########
#########


There were no monsters in sight!

Vanquished Creatures
  Nergalle (D:10)
  A flayed ghost (D:8)
  Pikel (D:7)
  Maurice (D:8)
  2 shadows (D:8)
  A human (D:7)
  3 wraiths (D:8)
  10 yaks
  A wyvern (D:8)
  3 hogs (D:7)
  2 hungry ghosts
  An orc warrior (D:7)
  A black bear (D:6)
  A necrophage (D:6)
  An ice beast (D:8)
  A sky beast (D:8)
  An ogre (D:6)
  3 centaurs (D:10)
  A big kobold (D:8)
  2 bullfrogs
  2 scorpions
  6 killer bees (D:7)
  2 crimson imps
  A bullfrog zombie (D:6)
  A centaur zombie (D:5)
  A centaur skeleton (D:6)
  4 hounds
  A jelly (D:7)
  A quasit (D:6)
  3 orc priests
  5 orc wizards
  2 bullfrog skeletons
  3 iguanas
  3 worker ants
  A hound zombie (D:6)
  A worker ant zombie (D:8)
  11 adders
  A shadow imp (D:8)
  An ooze (D:2)
  A worm (D:2)
  2 dart slugs
  2 leopard geckos
  25 orcs
  18 bats
  3 giant cockroaches
  9 goblins
  9 hobgoblins
  5 jackals
  3 quokkas
  2 ball pythons
  9 frilled lizards
  A jackal skeleton (D:8)
  9 kobolds
  6 rats
192 creatures vanquished.

Vanquished Creatures (others)
  4 slaves (D:7)
  An orc priest (D:7)
  4 toadstools (D:1)
9 creatures vanquished.

Grand Total: 201 creatures vanquished

Notes
Turn   | Place    | Note
-------+----------+-------------------------------------------
     0 | D:1      | Manul the Mummy Gladiator began the quest for the Orb.
     0 | D:1      | Reached XP level 1. HP: 16/16 MP: 1/1
   241 | D:1      | Reached XP level 2. HP: 21/22 MP: 2/2
   837 | D:1      | Reached XP level 3. HP: 11/27 MP: 3/3
  1308 | D:2      | Reached XP level 4. HP: 32/34 MP: 4/4
  2312 | D:3      | Reached XP level 5. HP: 35/39 MP: 5/5
  2373 | D:3      | Reached skill level 1 in Armour
  2582 | D:4      | Found a burning altar of Makhleb.
  2691 | D:4      | Reached XP level 6. HP: 34/47 MP: 6/6
  2922 | D:4      | Found a staircase to the Ecumenical Temple.
  2928 | Temple   | Entered the Ecumenical Temple
  3242 | D:4      | Found an ancient bone altar of Kikubaaqudgha.
  3526 | D:5      | Entered Level 5 of the Dungeon
  3713 | D:5      | Noticed a hungry ghost
  3734 | D:5      | Killed a hungry ghost
  3734 | D:5      | Reached skill level 5 in Maces & Flails
  3734 | D:5      | Reached XP level 7. HP: 44/52 MP: 7/7
  4138 | D:6      | Found a shadowy altar of Dithmenos.
  4198 | D:6      | Found a glowing silver altar of Zin.
  4364 | D:6      | Reached skill level 1 in Axes
  4487 | D:6      | Reached XP level 8. HP: 52/60 MP: 8/8
  4941 | D:7      | Noticed Pikel
  4963 | D:7      | Found a glowing golden altar of the Shining One.
  4988 | D:7      | Killed Pikel
  5460 | D:8      | Found a hazy altar of Hepliaklqana.
  5469 | D:8      | Found Etifer's General Store.
  5532 | D:8      | Noticed Maurice
  5536 | D:8      | Found an opulent altar of Gozag.
  5543 | D:8      | Became a worshipper of Gozag Ym Sagoz the Greedy
  5555 | D:8      | Paralysed by something for 6 turns
  5571 | D:8      | Paralysed by something for 4 turns
  5727 | D:8      | Reached XP level 9. HP: 66/66 MP: 9/9
  6039 | D:8      | Got a faintly glowing flail
  6040 | D:8      | Identified the +3 flail of Success {flame, +Blink +Inv SInv Stlth-} (You found it on level 8 of the Dungeon)
  6179 | D:8      | Killed Maurice
  6179 | D:8      | Reached skill level 5 in Axes
  6475 | D:8      | Found Buril's Jewellery Shoppe.
  6539 | D:8      | Found a stormy altar of Qazlal.
  6563 | D:8      | Found a runed door.
  6577 | D:8      | Reached skill level 5 in Fighting
  6597 | D:8      | Found a shadowy altar of Dithmenos.
  6606 | D:8      | Found a glowing silver altar of Zin.
  6621 | D:8      | Found a white marble altar of Elyvilon.
  6650 | D:8      | Found an opulent altar of Gozag.
  6721 | D:8      | Reached skill level 5 in Armour
  7045 | D:8      | Found a white marble altar of Elyvilon.
  7460 | D:7      | Reached skill level 1 in Evocations
  7465 | D:7      | Reached XP level 10. HP: 50/76 MP: 9/11
  8198 | D:7      | Reached skill level 5 in Dodging
  8449 | D:8      | Noticed a flayed ghost
  8464 | D:8      | Killed a flayed ghost
  9578 | D:9      | Noticed an obsidian statue
 10257 | D:10     | Entered Level 10 of the Dungeon
 11037 | D:10     | Noticed Gastronok
 11061 | D:10     | Found a staircase to the Lair.
 11062 | D:10     | Noticed a two-headed ogre
 11385 | D:10     | Noticed Nergalle
 11401 | D:10     | Killed Nergalle
 11837 | D:9      | HP: 3/79 [something (2)]
 11840 | D:9      | HP: 1/79 [something (1)]
 11841 | D:9      | Mangled by an unseen horror

Vault maps used:
D:1:      ldierk_walled_garden_2, grunt_decor_clamped, minmay_misc_feat_columns,
          minmay_fountain_box
D:4:      makhleb_grotto_becter, kiku_gazebo_garden_becter,
          minmay_temple_entry_enclosed_plants
D:5:      first_ration
D:6:      grunt_dithmenos_smoke_and_mirrors, old_standard_altar,
          kennysheep_generic_room_3
D:7:      kennysheep_mini, grunt_livestock, uniq_pikel
D:8:      due_megacathedral, overflow_temple_1_default, kennysheep_little_box,
          serial_shops, shop, nicolae_shop_behind_doors, uniq_maurice
D:9:      minmay_protected_statue
D:10:     lair_entry_dummy, uniq_nergalle, uniq_gastronok
Temple:   regret_index_temple_waves

Skill      XL: |  1  2  3  4  5  6  7  8  9 10 |
---------------+-------------------------------+-----
Maces & Flails | 3 4 5 6 7 |  7.0
Dodging        | 3 4 5 |  5.7
Armour         | 1 2 3 4 5 6 |  6.6
Fighting       | 3 4 5 7 |  7.3
Axes           | 1 4 5 |  5.6
Evocations     | 1 3 |  3.5
Throwing       | |  1.8
Stealth        | |  0.3

Action                   |  1- 3 |  4- 6 |  7- 9 | 10-12 || total
-------------------------+-------+-------+-------+-------++-------
Melee: Flail             |   159 |   259 |    85 |       ||   503
       Hand axe          |       |       |   176 |   226 ||   402
Throw: Throwing net      |       |       |     3 |       ||     3
Invok: Potion Petition   |       |       |       |     2 ||     2
 Abil: Evoke Invisibilit |       |       |       |     1 ||     1
Evoke: Wand              |       |       |       |     5 ||     5
  Use: Scroll            |       |     2 |    12 |     2 ||    16
 Stab: Paralysed         |       |       |       |     3 ||     3
       Distracted        |       |       |       |     2 ||     2
Armor: Ring mail         |    90 |   106 |   110 |   102 ||   408
Dodge: Dodged            |   123 |   187 |   173 |   155 ||   638

Table legend:
 A = Spawn XP
 B = Non-spawn XP
 C = Spawn XP percentage of total XP
 D = Spawn monster count
 E = Non-spawn monster count
 F = Spawn count percentage of total count
 G = Total turns spent on level
                    A         B        C        D         E        F      G
               +---------+---------+-------+---------+---------+-------+---------
         Total |       0 |   10556 |   0.0 |       0 |     192 |   0.0 | 11841
               +---------+---------+-------+---------+---------+-------+---------
           D:1 |       0 |      59 |   0.0 |       0 |      22 |   0.0 |  1000
           D:2 |       0 |      71 |   0.0 |       0 |      25 |   0.0 |   640
           D:3 |       0 |     118 |   0.0 |       0 |      22 |   0.0 |   879
           D:4 |       0 |     206 |   0.0 |       0 |       9 |   0.0 |   897
           D:5 |       0 |     421 |   0.0 |       0 |      16 |   0.0 |   577
           D:6 |       0 |     671 |   0.0 |       0 |      11 |   0.0 |   592
           D:7 |       0 |    2472 |   0.0 |       0 |      24 |   0.0 |  1717
           D:8 |       0 |    3263 |   0.0 |       0 |      38 |   0.0 |  2886
           D:9 |       0 |    1710 |   0.0 |       0 |      17 |   0.0 |  2241
          D:10 |       0 |    1565 |   0.0 |       0 |       8 |   0.0 |   302
               +---------+---------+-------+---------+---------+-------+---------
